 Dungeon Crawl Stone Soup version 0.19-a0-585-ge40200b (webtiles) character file.

144 shmeve the Skirmisher (level 5, 0/63 HPs)
             Began as a Vampire Berserker on June 10, 2016.
             Was a Priest of Trog.
             Slain by an orc
             ... wielding a +0 club
              (2 damage)
             ... on level 3 of the Dungeon.
             The game lasted 00:05:15 (2453 turns).

shmeve the Skirmisher (Vampire Berserker)           Turns: 2453, Time: 00:05:15

Health: 0/63       AC:  6    Str: 22    XL:     5   Next: 5%
Magic:  5/5        EV: 12    Int:  9    God:    Trog [***...]
Gold:   67         SH:  0    Dex: 14    Spells: 0 memorised, 4 levels left

rFire  . . .     SeeInvis +     a - +0 hand axe
rCold  . . .     Gourm    .     g - +0 ring mail
rNeg   . . .     Faith    .     (no shield)
rPois  .         Spirit   .     (no helmet)
rElec  .         Dismiss  .     b - +0 cloak
rCorr  .         Reflect  .     (no gloves)
SustAt .         Harm     .     (no boots)
MR     .....                    (no amulet)
Stlth  ..........               (no ring)
                                (no ring)

@: berserking, lethally poisoned (0 -> -7), regenerating quickly, very quick,
not resistant to hostile enchantments, extremely unstealthy
A: fangs 3, see invisible, unbreathing
a: Berserk, Trog's Hand, Burn Spellbooks, Renounce Religion


You were on level 3 of the Dungeon.
You worshipped Trog.
Trog was most pleased with you.
You were very full.

You visited 1 branch of the dungeon, and saw 3 of its levels.

You collected 67 gold pieces.

Inventory:

Hand Weapons
 a - a +0 hand axe (weapon)
Armour
 b - a +0 cloak (worn)
 g - a +0 ring mail (worn)
Scrolls
 d - 5 scrolls of identify {unknown}
 i - a scroll of fog {unknown}
Potions
 c - 5 potions of blood
 e - a potion of degeneration {unknown}
 f - a potion of lignification {unknown}
 h - a potion of haste {unknown}
 j - a potion of heal wounds {unknown}
 k - a potion of cancellation {unknown}
 l - a potion of brilliance {unknown}
 m - a potion of ambrosia {unknown}
 n - 2 potions of curing {unknown}
 o - a potion of resistance {unknown}
 p - a potion of flight {unknown}


   Skills:
 * Level 3.8 Fighting
 * Level 3.3 Axes
 - Level 1.5 Armour
 * Level 3.5 Dodging
 + Level 2.2 Stealth


You had 4 spell levels left.
You didn't know any spells.

Dungeon Overview and Level Annotations

Branches:
Dungeon (3/15)

Altars:


Innate Abilities, Weirdness & Mutations

Your natural rate of healing is unusually fast.
You have razor-sharp teeth.
You have supernaturally acute eyesight. (SInv)
You can survive without breathing.


Message History

Unknown command.
A red film seems to cover your vision as you go berserk!
You feel yourself moving faster!
You feel mighty!
You feel sick. The orc hits you but does no damage.
The orc priest invokes the aid of Beogh against you.
Beogh smites you!
* * * LOW HITPOINT WARNING * * *
The orc hits you but does no damage.
You slash the orc priest!
The orc priest is almost dead.
You closely miss the orc.
The orc is moderately wounded.
You barely miss the rat. You hit the orc.
You kill the orc!
Trog accepts your kill.
* * * LOW HITPOINT WARNING * * *
You feel sick.
The orc priest looks braver for a moment.
The rat closely misses you. The orc hits you with a club.
You die...

#.# ########...# #.#
...........### #.# ##
............(# #.# #.
..#.......#..# #.# #.
...?....#..# #.# ###.
.###......#..# #.#
#... ......o)r.#..#
#.# #...
#.wo@.##..####.###...
#####.##.%...........
#.)##.####.#.#...
######.##.##...#.###.
+.....................
########.#.#......##..
#.#.#########.. #....
.... ##.### ####.


You could see an orc priest, a dart slug, an orc and a rat.

Vanquished Creatures
  6 adders
  An ooze (D:1)
  A worm (D:2)
  2 dart slugs
  3 giant geckos
  3 orcs (D:3)
  6 giant cockroaches
  2 goblins
  12 hobgoblins
  10 jackals
  A quokka (D:3)
  A ball python (D:1)
  7 bats
  3 giant newts (D:1)
  6 kobolds
  7 rats
71 creatures vanquished.

Notes
Turn   | Place    | Note
--------------------------------------------------------------
     0 | D:1      | shmeve the Vampire Berserker began the quest for the Orb.
     0 | D:1      | Reached XP level 1. HP: 17/17 MP: 1/1
   337 | D:1      | Reached XP level 2. HP: 10/23 MP: 2/2
   372 | D:1      | Reached skill level 1 in Stealth
   903 | D:1      | Reached XP level 3. HP: 29/29 MP: 3/3
  1038 | D:1      | Reached ** piety under Trog
  1790 | D:2      | Reached XP level 4. HP: 25/35 MP: 4/4
  2327 | D:3      | Reached *** piety under Trog
  2444 | D:3      | Reached XP level 5. HP: 38/42 MP: 5/5
  2452 | D:3      | HP: 3/63 [orc priest/divine providence (12)]
  2453 | D:3      | Slain by an orc

Vault maps used:
D:1:      grunt_arrival_lava_bath, serial_co_window_serial, co_window_paths_a,
          co_window_paths_b, co_window_paths_b, co_window_paths_b,
          co_window_paths_a, co_window_corner_a, co_window_2corner,
          co_window_corner_b, co_window_paths_c, co_window_4corner_b,
          glass_columns_c, glass_columns_a, glass_columns_a, glass_columns_b,
          glass_columns_a, minmay_misc_feat_rows, serial_bayou_ford_a,
          hex_medium, hex_intersection
D:2:      dk_noncrumbling_3
D:3:      nicolae_overflow_hidden_temple, uniq_jessica

Skill      XL: |  1  2  3 |
---------------+----------+-----
Fighting       | 3 |  3.8
Stealth        | 1 2 |  2.2
Axes           | 3 |  3.3
Dodging        | 3 |  3.5
Armour         | |  1.5

Action                   |  1- 3 |  4- 6 || total
-------------------------+-------+-------++-------
Melee: Hand axe          |   162 |    64 ||   226
       Bite              |    19 |     4 ||    23
Invok: Berserk           |       |     1 ||     1
 Stab: Sleeping          |     2 |       ||     2
       Distracted        |     1 |       ||     1
  Eat: Corpse            |    15 |     5 ||    20
Armor: Animal skin       |     9 |       ||     9
       Ring mail         |    55 |    63 ||   118
Dodge: Dodged            |   185 |    81 ||   266
